 Dungeon Crawl Stone Soup version 0.28-a0-1199-gef9e1dbd39 (webtiles) character file.

Game seed: 15846284176412616930

32 fragbeetle the Poker (level 3, -1/28 HPs)
             Began as a Merfolk Gladiator on Dec 20, 2021.
             Slain by Terence (7 damage)
             ... on level 2 of the Dungeon.
             The game lasted 00:02:28 (1743 turns).

fragbeetle the Poker (Merfolk Gladiator)            Turns: 1743, Time: 00:02:28

Health: -1/28      AC:  5    Str: 16    XL:     3   Next: 25%
Magic:  3/3        EV: 13    Int:  7    God:
Gold:   64         SH:  0    Dex: 15    Spells: 2/2 levels left

rFire   . . .      SeeInvis .   a - +0 trident
rCold   . . .      Faith    .   (no shield)
rNeg    . . .      Spirit   .   b - +0 leather armour
rPois   .          Reflect  .   c - +0 helmet
rElec   .          Harm     .   k - +0 cloak
rCorr   .          Rampage  .   (no gloves)
Will    .....                   (no boots)
Stlth   +.........              (no amulet)
HPRegen 0.09/turn               (no ring)
MPRegen 0.08/turn               (no ring)

@: no status effects
A: (nimble swimmer 2), mertail
a: no special abilities


You were on level 2 of the Dungeon.
You visited 1 branch of the dungeon, and saw 2 of its levels.

You collected 64 gold pieces.

Inventory:

Hand Weapons
 a - a +0 trident (weapon)
Missiles
 d - 2 throwing nets
 h - 54 stones (quivered)
Armour
 b - a +0 leather armour (worn)
 c - a +0 helmet (worn)
 k - a +0 cloak (worn)
Scrolls
 e - a scroll of fear {unknown}
 f - 2 scrolls of identify {unknown}
 i - a scroll of noise {unknown}
 l - a scroll of enchant weapon {unknown}
Potions
 g - a potion of invisibility {unknown}
 j - 2 potions of ambrosia {unknown}


   Skills:
 + Level 2.7 Fighting
 + Level 4.9 Polearms
 - Level 2.0 Throwing
 + Level 0.7 Armour
 + Level 4.5 Dodging


You had 2 spell levels left.
You didn't know any spells.
Your spell library contained the following spells:

 Spells                   Type           Power      Damage    Failure   Level
 Scorch                   Fire           0%         2d5       65%         2
 Flame Wave               Conj/Fire      0%         2d4       99%         4
 Summon Cactus Giant      Summ           0%         N/A       100%        6


Dungeon Overview and Level Annotations

Branches:
Dungeon (2/15)

Altars:

Annotations:
D:2 Terence


Innate Abilities, Weirdness & Mutations

((You are quick and stealthy near water. (Stealth+, EV+, Speed+++)))
Your lower body shifts to a powerful aquatic tail in water.


Message History

You kill the endoplasm!
Found 16 stones.
HP restored.
Terence the Incautious comes into view.
He is wielding a +0 trident.
Terence shouts!
Terence says, "Rest in peace."
Throw: 56 stones
Press: ? - help, Shift-Dir - straight line, f - Terence
Aim: Terence, wielding a +0 trident and wearing a +0 scale mail (64% to hit)
You throw a stone. The stone barely misses Terence.
Throw: 55 stones
Press: ? - help, Shift-Dir - straight line, f/p - Terence
Aim: Terence, wielding a +0 trident and wearing a +0 scale mail (64% to hit)
You throw a stone. The stone closely misses Terence.
Terence barely misses you. Terence closely misses you.
You puncture Terence!
Terence is moderately wounded.
Terence barely misses you.
You barely miss Terence.
Terence is moderately wounded.
Terence screams, "I want your blood!" Terence barely misses you.
You closely miss Terence.
Terence is moderately wounded.
Terence hits you with a +0 trident!
Terence shouts, "Get ready for death!"
Terence closely misses you.
You hit Terence.
Terence is moderately wounded.
Terence hits you with a +0 trident!
You closely miss Terence.
Terence is moderately wounded.
Terence hits you with a +0 trident!
* * * LOW HITPOINT WARNING * * *
You hit Terence but do no damage.
Terence is moderately wounded.
Terence says, "Did you write a will?
You should..."
Terence hits you with a +0 trident!
You die...

##### #...# #### #...# ...#
#...# ...# #...# ...#
#...### ##.# ...#
##.....#....#
...############.......>.(.#
..........##....@@....(...#
...######..#.#............#
...# ##...#............#
...#######.†..........(...#
............#.............#
#########...#.............#
##### #...###............
..... ......###........
##### #...#..# ##.....##


You could see Terence.

Vanquished Creatures
  3 ball pythons
  8 endoplasms
  A giant cockroach (D:1)
  A goblin (D:1)
  A hobgoblin (D:1)
  3 quokkas (D:1)
  5 bats
  2 kobolds (D:1)
  2 rats (D:1)
26 creatures vanquished.

Notes
Turn   | Place    | Note
-------+----------+-------------------------------------------
     0 | D:1      | fragbeetle the Merfolk Gladiator began the quest for the
                  | Orb.
     0 | D:1      | Reached XP level 1. HP: 16/16 MP: 1/1
   217 | D:1      | Reached XP level 2. HP: 8/23 MP: 2/2
   560 | D:1      | Found a faded altar of an unknown god.
  1293 | D:1      | Reached XP level 3. HP: 28/28 MP: 3/3
  1729 | D:2      | Noticed Terence
  1743 | D:2      | Slain by Terence

Illustrated notes

Levels and vault maps discovered:
D:1:      pf_arrival_petrified_forest, layout_loops_ring,
          ebering_ecumenical_altar_webs
D:2:      layout_rooms, chequers_jeans, chequers_serial_rivers_room_a,
          uniq_terence, uniq_sigmund

Action                   || total
-------------------------++-------
Melee: Trident           ||    98
Throw: Throwing net      ||     1
       Stone             ||     2
 Stab: Sleeping          ||     1
Armor: Leather armour    ||    20
Dodge: Dodged            ||    69

Table legend: (Time is in decaauts)
 A = Elapsed time spent in this place.
 B = Non-inter-level travel time spent in this place.
 C = Inter-level travel time spent in this place.
 D = Time resting spent in this place.
 E = Time spent auto-exploring this place.
 F = Levels seen in this place.
 G = Mean time per level.
                   A        B        C        D        E       F      G
               +--------+--------+--------+--------+--------+-----+--------+
         Total |   1748 |   1675 |     73 |    583 |    805 |   2 |  874.0 |
       Dungeon |   1748 |   1675 |     73 |    583 |    805 |   2 |  874.0 |
               +--------+--------+--------+--------+--------+-----+--------+

Top non-repeatable levels by time:
     D:1: 1533 daAuts
     D:2: 214 daAuts
